AoeStats
← xlalox corona

Golden Pit

503342209Analyzed
1v1 RM · 1mo ago on Aug 31, 2026· 45m 54s· 2 players
Game mode
Random Map
Map size
Tiny (2 player)
Population
200
Speed
Normal
Resources
Standard
Victory
Conquest
Starting age
Dark Age
Ending age
Imperial Age
RankedLock teamsTeams togetherTeam positionsShared explorationLock speedFull tech treeHidden civsTurbo modeCheats
Victory
Defeat
🇲🇽 Inca · Mexico
1656
+19
🇻🇳 Koreans · Vietnam
1731
-19
xlalox corona
6:38 Loom
9:17 Feudal Age
9:44 Champi Runner
16:34 Fletching
17:45 Padded Archer Armor
26:00 Castle Age
24:24 Double-Bit Axe
25:11 Horse Collar
26:05 Elite Skirmisher
26:43 Bodkin Arrow
27:10 Leather Archer Armor
27:26 Bow Saw
27:36 Heavy Plow
31:44 Town Watch
33:00 Scale Mail Armor
34:13 Ballistics
35:27 Chain Mail Armor
39:08 Imperial Age
37:36 Forging
39:56 Iron Casting
41:44 Plate Mail Armor
42:46 Blast Furnace
42:04 Squires
43:09 Arson
44:58 Conscription
baoquanghuy1605
6:45 Loom
8:57 Feudal Age
9:38 Double-Bit Axe
15:26 Fletching
26:55 Castle Age
25:15 Horse Collar
25:55 Gold Mining
27:01 Elite Skirmisher
27:37 Bodkin Arrow
27:56 Bow Saw
31:41 Ballistics
37:40 Wheelbarrow
36:52 Town Watch
42:11 Imperial Age
41:15 Thumb Ring
41:28 Hand Cart
40:57 Man-at-Arms
41:24 Gambesons
42:19 Scale Mail Armor
41:58 Long Swordsman
44:40 Two-Man Saw
43:49 Two-Handed Swordsman
Connection lost

Rejoining the realm…

Still unreachable

The connection could not be restored.

Session expired

The server has moved on; the page needs a fresh start.